 Dungeon Crawl Stone Soup version 0.26-a0-651-gb41185065b (webtiles) character file.

Game seed: 9506169720270993048

3990 Irenicus the Cleaver (level 10, -2/121 HPs)
             Began as a Deep Dwarf Berserker on Oct 20, 2020.
             Was an Elder of Trog.
             Slain by a troll (8 damage)
             ... on level 9 of the Dungeon.
             The game lasted 00:28:18 (4883 turns).

Irenicus the Cleaver (Deep Dwarf Berserker)         Turns: 4883, Time: 00:28:19

Health: -2/121     AC: 10    Str: 22    XL:     10   Next: 3%
Magic:  10/10      EV: 12    Int:  7    God:    Trog [****..]
Gold:   356        SH:  0    Dex: 21    Spells: 9/9 levels left

rFire    . . .     SeeInvis .   a - +1 hand axe
rCold    . . .     Faith    +   (no shield)
rNeg     . . .     Spirit   .   c - +0 ring mail
rPois    .         Reflect  .   o - +0 helmet
rElec    .         Harm     .   s - +0 cloak
rCorr    .         Rampage  .   e - +0 pair of gloves
MR       +++..                  v - +1 pair of boots
Stlth    ..........             B - amulet of faith {Faith, !P}
HPRegen  1.00/turn              f - +6 ring of dexterity
MPRegen  0.12/turn              (no ring)

@: berserking, non-regenerating, lightly drained, very quick
A: damage resistance, heal wounds, sense surroundings 2, no regeneration
a: Heal Wounds, Berserk, Trog's Hand, Brothers in Arms, Renounce Religion


You were on level 9 of the Dungeon.
You worshipped Trog.
Trog was greatly pleased with you.
You visited 2 branches of the dungeon, and saw 10 of its levels.

You collected 356 gold pieces.

Inventory:

Hand Weapons
 a - a +1 hand axe (weapon)
Missiles
 j - 23 poisoned darts
Armour
 c - a +0 ring mail (worn)
   (You found it on level 1 of the Dungeon)
 e - a +0 pair of gloves (worn)
   (You found it on level 9 of the Dungeon)
 o - a +0 helmet (worn)
   (You found it on level 3 of the Dungeon)
 s - a +0 cloak (worn)
   (You took it off Crazy Yiuf on level 3 of the Dungeon)
 v - a +1 pair of boots (worn)
   (You found it on level 4 of the Dungeon)
Jewellery
 f - a +6 ring of dexterity (left hand)
   (You found it on level 1 of the Dungeon)
 y - an uncursed ring of fire {rF+, rC-}
   (You found it on level 6 of the Dungeon)
 B - an amulet of faith (around neck) {Faith, !P}
   (You found it on level 7 of the Dungeon)
Wands
 D - a wand of paralysis (4)
   (You found it on level 7 of the Dungeon)
 F - a wand of random effects (9)
   (You found it on level 8 of the Dungeon)
Scrolls
 b - 3 scrolls of identify
 d - a scroll of magic mapping {!r}
 i - 3 scrolls of remove curse
 k - 4 scrolls of teleportation
 m - 2 scrolls of enchant weapon
 u - a scroll of immolation {!r}
Potions
 g - 4 potions of heal wounds
 h - a potion of resistance {unknown}
 l - a potion of mutation {!q}
 n - a potion of haste
 t - 2 potions of lignification {!q}
 w - a potion of magic {unknown}
 z - 2 potions of curing
 A - a potion of berserk rage {!q}
 E - a potion of might
 G - a potion of ambrosia


   Skills:
 - Level 2.6(2.4) Fighting
 - Level 13.3(13.0) Axes
 - Level 2.1(1.9) Armour
 - Level 2.1(1.9) Dodging
 + Level 3.3(3.0) Stealth
 - Level 9.1(8.8) Evocations


You had 9 spell levels left.
You didn't know any spells.
Your spell library was empty.

Dungeon Overview and Level Annotations

Branches:
Dungeon (9/15)             Temple (1/1) D:5
   Lair: D:8-11         Orc: D:9-12

Altars:
Ashenzari
Dithmenos
Elyvilon
Fedhas
Hepliaklqana
Okawaru
Trog
Uskayaw
Vehumet
Xom


Innate Abilities, Weirdness & Mutations

You are resistant to damage.
You can heal yourself by infusing magical energy.
You passively map the area around you.
You do not regenerate.


Message History

The wight is heavily damaged.
You closely miss the wight. You slice the wight!!
You destroy the wight!
Trog accepts your kill.
Your Stealth skill increases to level 3!
You closely miss the wight. The wight barely misses you.
You slash the wight!
The wight is severely damaged.
You slash the wight!
You destroy the wight!
Trog accepts your kill.
You are no longer poisoned.
e - a pair of gloves
Things that are here:
a +0 spear; a +0 robe You feel a strong urge to attack something.
A wight comes into view. It is wielding a +2 dagger of venom.
You feel your anger nearly subside.
You are no longer berserk.
You are exhausted.
You feel yourself slow down.
You now have 23/81 hp.
Things that are here:
a +0 spear; a +0 robe
There is an open door here.
A hound comes into view.
Things that are here:
a +0 falchion of freezing; a cursed +0 robe You reach down and close the door.
A wight opens the door.
There is a stone staircase leading up here.
The wight hits you with a +2 dagger of venom.
* * * LOW HITPOINT WARNING * * *
You feel drained.
You are poisoned.
You fly upwards.
There is a stone staircase leading down here.
You take 4 damage, and have 19/81 hp.
There is an open door here.
You are starting to lose your buoyancy.
You float gracefully downwards.
You open the door.
There is an open door here.
You feel yourself speed up.
You feel less ready to backstab.
There is a stone staircase leading down here.
You climb downwards.
You are no longer poisoned.
There is a stone staircase leading up here.
You recover from your berserk rage.
You hear a distant slurping noise.
You see here a scroll of noise {!r}.
Okay, then.
As you read the scroll of identify, it crumbles to dust.
G - a potion of ambrosia You start putting on your armour.
You continue putting on your pair of gloves. x4
You finish putting on your +0 pair of gloves.
Drop what? 29/52 slots (_ for help) (? for menu, Esc to quit)
You drop a scroll of amnesia.
You open the door.
There is an open door here.
You open the door.
There is an open door here.
An adder comes into view.
The adder hisses angrily.
A troll comes into view.
Found a stone staircase leading down.
You see here a book of Callings.
You hit the adder.
The adder is moderately wounded.
The adder closely misses you.
You closely miss the adder.
The adder is moderately wounded.
The adder bites you but does no damage.
You slash the adder!
You kill the adder!
Trog accepts your kill.
The troll completely misses you. x2; The troll claws you.
You see here an adder corpse.
Your skin crawls.
You feel resistant to hostile enchantments.
The troll misses you. The troll barely misses you. The troll claws you!
* * * LOW HITPOINT WARNING * * *
You take 9 damage, and have 10/81 hp.
You see here a book of Callings.
A red film seems to cover your vision as you go berserk!
You feel yourself moving faster!
You feel mighty! The troll closely misses you. The troll barely misses you.
The troll claws you.
* * * LOW HITPOINT WARNING * * *
You now have 13/121 hp.
You slash the troll!
The troll is lightly wounded.
You barely miss the troll.
The troll is lightly wounded.
The troll bites you.
* * * LOW HITPOINT WARNING * * *
The troll claws you!
* * * LOW HITPOINT WARNING * * *
The troll claws you!
You die...

.... * #.# * #.##.
#.# * ,* #.##.
##.## , ,, ,* *
#.##.###...######
,, ,
#.....#......... *
,****
*##...##....#..# #
,
#.........###.#.##.
*
##...##....#.......
, ......#*#..#.@.#
.* *###### #..###T#
#.............
##.###.......# #.#
.........* #.#
#.......# ,..#
...>.....* * ...
#.......# , ,
.........*


You could see a troll.

Vanquished Creatures
  A two-headed ogre (D:4)
  A hornet (D:8)
  A hippogriff (D:8)
  Sigmund (D:4)
  Grum (D:8)
  Menkaure (D:7)
  2 orc warriors
  3 sky beasts
  An ice beast (D:8)
  A phantom (D:8)
  An ogre (D:4)
  2 eyes of draining (D:5)
  4 wolves (D:8)
  A crocodile (D:8)
  A bullfrog (D:6)
  2 scorpions
  3 killer bees (D:9)
  2 wights (D:9)
  A centaur zombie (D:6)
  2 hounds
  2 bullfrog zombies (D:8)
  Crazy Yiuf (D:3)
  2 orc priests
  2 bullfrog skeletons
  4 orc wizards
  2 iguanas
  3 worker ants
  A hound zombie (D:8)
  A hound skeleton (D:4)
  Robin (D:4)
  5 gnolls
  A howler monkey skeleton (D:6)
  A worker ant zombie (D:7)
  9 adders
  3 shadow imps
  2 white imps
  An adder zombie (D:5)
  An adder skeleton (D:5)
  2 worms (D:2)
  A dart slug (D:1)
  3 leopard geckos
  23 orcs
  10 bats
  6 giant cockroaches
  14 goblins
  8 hobgoblins
  14 jackals
  2 quokkas
  10 frilled lizards
  7 kobolds
  A quokka skeleton (D:6)
  A quokka zombie (D:4)
  10 rats
186 creatures vanquished.

Notes
Turn   | Place    | Note
-------+----------+-------------------------------------------
     0 | D:1      | Irenicus the Deep Dwarf Berserker began the quest for the
                  | Orb.
     0 | D:1      | Reached XP level 1. HP: 20/20 MP: 1/1
   134 | D:1      | Reached skill level 4 in Axes
   134 | D:1      | Reached XP level 2. HP: 27/27 MP: 2/2
   353 | D:1      | Reached ** piety under Trog
   647 | D:2      | Found an iron altar of Okawaru.
   647 | D:2      | Found a bloodstained altar of Trog.
   678 | D:2      | Reached XP level 3. HP: 33/33 MP: 3/3
   722 | D:2      | Reached skill level 5 in Axes
  1114 | D:2      | Reached XP level 4. HP: 38/40 MP: 4/4
  1425 | D:3      | Found a shimmering altar of Xom.
  1486 | D:3      | Found a radiant altar of Vehumet.
  1542 | D:3      | Found a runed translucent door.
  1543 | D:3      | Noticed Crazy Yiuf
  1554 | D:3      | Killed Crazy Yiuf
  1554 | D:3      | Reached skill level 6 in Axes
  1774 | D:3      | Reached XP level 5. HP: 34/46 MP: 5/5
  2023 | D:3      | Found a broken altar of Ashenzari.
  2077 | D:4      | Noticed Robin
  2088 | D:4      | Killed Robin
  2088 | D:4      | Reached *** piety under Trog
  2117 | D:4      | Reached skill level 7 in Axes
  2176 | D:4      | Reached XP level 6. HP: 23/55 MP: 6/6
  2188 | D:4      | HP: 11/55 [orc wizard/puff of flame (5)]
  2189 | D:4      | HP: 5/55 [orc wizard/magic dart (5)]
  2388 | D:4      | Noticed Sigmund
  2396 | D:4      | Killed Sigmund
  2396 | D:4      | Reached skill level 8 in Axes
  2483 | D:4      | Reached XP level 7. HP: 61/61 MP: 7/7
  2616 | D:4      | Noticed a two-headed ogre
  2629 | D:4      | Killed a two-headed ogre
  2629 | D:4      | Reached skill level 11 in Axes
  2629 | D:4      | Reached XP level 8. HP: 47/68 MP: 8/8
  2713 | D:5      | Entered Level 5 of the Dungeon
  2727 | D:5      | Noticed a +0 dagger
  2728 | D:5      | Noticed a +0 hand axe
  2729 | D:5      | Found a hide-covered altar of Uskayaw.
  2885 | D:5      | Found a bloodstained altar of Trog.
  2898 | D:5      | Reached skill level 12 in Axes
  2969 | D:5      | Reached **** piety under Trog
  3088 | D:5      | Found a staircase to the Ecumenical Temple.
  3098 | Temple   | Entered the Ecumenical Temple
  3141 | D:5      | Found a hazy altar of Hepliaklqana.
  3323 | D:6      | Gained mutation: You passively map the area around you.
                  | [Deep Dwarf growth]
  3323 | D:6      | Reached XP level 9. HP: 50/74 MP: 9/9
  3603 | D:6      | Reached skill level 13 in Axes
  4017 | D:7      | Noticed Menkaure
  4022 | D:7      | HP: 18/111 [??? (12)]
  4026 | D:7      | Killed Menkaure
  4180 | D:8      | Found a shadowy altar of Dithmenos.
  4195 | D:8      | Reached skill level 1 in Evocations
  4332 | D:8      | HP: 25/111 [orc warrior/+0 trident (12)]
  4337 | D:8      | HP: 18/111 [orc warrior/+0 trident (1)]
  4338 | D:8      | Reached skill level 2 in Evocations
  4348 | D:8      | Found a blossoming altar of Fedhas.
  4362 | D:8      | Reached skill level 4 in Evocations
  4366 | D:8      | Reached skill level 5 in Evocations
  4379 | D:8      | HP: 14/74 [orc priest/divine providence (10)]
  4423 | D:8      | Noticed Grum
  4431 | D:8      | HP: 16/74 [wolf[Grum] (5)]
  4433 | D:8      | HP: 6/74 [Grum/+0 spear (11)]
  4434 | D:8      | Killed Grum
  4434 | D:8      | Reached skill level 6 in Evocations
  4455 | D:8      | Reached skill level 7 in Evocations
  4464 | D:8      | HP: 27/111 [wolf[Grum] (7)]
  4474 | D:8      | HP: 24/111 [wolf[Grum] (7)]
  4476 | D:8      | Reached skill level 8 in Evocations
  4517 | D:8      | HP: 9/74 [hornet (10)]
  4552 | D:8      | Reached skill level 9 in Evocations
  4696 | D:8      | Reached skill level 1 in Stealth
  4732 | D:9      | Reached skill level 2 in Stealth
  4742 | D:9      | Reached XP level 10. HP: 36/81 MP: 10/10
  4762 | D:9      | Reached skill level 3 in Stealth
  4776 | D:9      | HP: 19/81 [wight/+2 dagger of venom (4)]
  4879 | D:9      | HP: 10/81 [troll (10)]
  4883 | D:9      | Slain by a troll

Illustrated notes

Levels and vault maps discovered:
D:1:      sevenhm_arrival_forest_fort_small_6, layout_loops_corners
D:2:      layout_basic, gammafunk_temple_overflow_wave
D:3:      minmay_recursive_quarters, layout_basic, old_standard_altar,
          vehumet_crystals, lemuel_round_altar, serial_glass, glass_columns_a,
          glass_columns_b, glass_columns_a, glass_columns_c, glass_columns_b,
          glass_columns_a, item_on_display_a, uniq_crazy_yiuf_cottage
D:4:      layout_loops_ring, uniq_sigmund, uniq_robin
D:5:      layout_loops_ring, dancing_weapons_uskayaw, lemuel_crystal_altar,
          minmay_temple_entry_poolview, trog_eyes_of_draining
D:6:      layout_cave_pods, serial_glass, glass_columns_a, glass_columns_b
D:7:      layout_basic, uniq_menkaure
D:8:      layout_basic, kennysheep_little_box, fedhas_altar_2, uniq_grum
D:9:      layout_loops_corners, basic_altar, st_stairs_4,
          chequers_serial_rivers_micro_c
Temple:   dshaligram_water_room_temple

Skill      XL: |  1  2  3  4  5  6  7  8  9 10 |
---------------+-------------------------------+-----
Axes           | 4 5 6 7 8 11 12 13 | 13.3
Evocations     | 9 |  9.1
Stealth        | 2 3 |  3.3
Fighting       | |  2.6
Armour         | |  2.1
Dodging        | |  2.1

Action                   |  1- 3 |  4- 6 |  7- 9 | 10-12 || total
-------------------------+-------+-------+-------+-------++-------
Melee: Hand axe          |   112 |   188 |   332 |    10 ||   642
Invok: Berserk           |     5 |     6 |    13 |     2 ||    26
       Trog's Hand       |       |     2 |    11 |     1 ||    14
 Abil: Heal Wounds       |       |     1 |       |       ||     1
Evoke: Wand              |       |       |    12 |       ||    12
  Use: Scroll            |       |     1 |     7 |     8 ||    16
       Potion            |       |       |     3 |     2 ||     5
 Stab: Paralysed         |       |       |    14 |       ||    14
       Sleeping          |       |       |     1 |       ||     1
Armor: Animal skin       |     3 |       |       |       ||     3
       Ring mail         |    50 |    82 |    76 |     2 ||   210
       Skin              |       |       |    66 |       ||    66
Dodge: Dodged            |    73 |   111 |   138 |     8 ||   330

Table legend: (Time is in decaauts)
 A = Elapsed time spent in this place.
 B = Non-inter-level travel time spent in this place.
 C = Inter-level travel time spent in this place.
 D = Time resting spent in this place.
 E = Time spent auto-exploring this place.
 F = Levels seen in this place.
 G = Mean time per level.
                   A        B        C        D        E       F      G
               +--------+--------+--------+--------+--------+-----+--------+
         Total |   4975 |   4710 |    265 |      0 |     38 |  10 |  497.5 |
       Dungeon |   4974 |   4709 |    265 |      0 |     38 |   9 |  552.7 |
        Temple |      1 |      1 |      0 |      0 |      0 |   1 |    1.0 |
               +--------+--------+--------+--------+--------+-----+--------+

Top non-repeatable levels by time:
     D:3: 827 daAuts
     D:4: 672 daAuts
     D:1: 655 daAuts
     D:2: 647 daAuts
     D:8: 597 daAuts
     D:6: 538 daAuts
     D:5: 536 daAuts
     D:7: 362 daAuts
     D:9: 137 daAuts
  Temple: 1 daAuts

Table legend:
 A = Kills in this place as a percentage of kills in entire the game.
 B = Kills by you in this place as a percentage of kills by you in the entire game.
 C = Kills by friends in this place as a percentage of kills by friends in the entire game.
 D = Other kills in this place as a percentage of other kills in the entire game.
 E = Experience gained in this place as a percentage of experience gained in the entire game.
 F = Experience gained in this place divided by the number of levels of this place that you have seen.
                   A       B       C       D       E      F
               +-------+-------+-------+-------+-------+----------------------
         Total | 100.0 | 100.0 |   N/A |   N/A | 100.0 | 570.1
       Dungeon | 100.0 | 100.0 |   N/A |   N/A | 100.0 | 633.4
               +-------+-------+-------+-------+-------+----------------------
